 Dungeon Crawl Stone Soup version 0.31-a0-1074-g0b22e4e0f1 (webtiles) character file.

Game seed: 1792929218283368524

44 DApurpleWHUMPUS the Magician (level 3, -4/19 HPs)
             Began as a Deep Elf Air Elementalist on Nov 27, 2023.
             Slain by an iguana (11 damage)
             ... on level 5 of the Dungeon.
             The game lasted 00:02:22 (1507 turns).

DApurpleWHUMPUS the Magician (DEAE)                 Turns: 1507, Time: 00:02:24

Health: -4/19      AC:  3    Str:  5    XL:     3   Next: 39%
Magic:  5/10       EV: 13    Int: 19    God:
Gold:   24         SH:  0    Dex: 17    Spells: 8/9 levels left

rFire   . . .        (no weapon)
rCold   . . .        (no shield)
rNeg    . . .        a - +0 robe
rPois   .            n - +0 helmet
rElec   .            (no cloak)
rCorr   .            (no gloves)
SInv    .            (no boots)
Will    .....        (no amulet)
Stlth   ++           (no ring)
HPRegen 0.23/turn    (no ring)
MPRegen 0.12/turn

%: no passive effects
@: no status effects
A: no striking features
a: no special abilities


You were on level 5 of the Dungeon.
You visited 1 branch of the dungeon, and saw 4 of its levels.

You collected 24 gold pieces.

Inventory:

Armour
 a - a +0 robe (worn)
 n - a +0 helmet (worn)
Wands
 o - a wand of flame (8)
Scrolls
 c - a scroll of torment {unknown}
 d - 3 scrolls of teleportation {unknown}
 e - a scroll of poison {unknown}
 g - 2 scrolls of identify {unknown}
 h - 2 scrolls of enchant weapon {unknown}
 i - a scroll of noise {unknown}
 j - a scroll of silence {unknown}
 k - 2 scrolls of enchant armour {unknown}
 m - a scroll of immolation {unknown}
Potions
 b - a potion of magic
 f - a potion of haste {unknown}
 l - a potion of curing {unknown}
 p - a potion of heal wounds {unknown}


   Skills:
 + Level 2.9 Dodging
 - Level 2.5 Stealth
 * Level 3.9 Spellcasting
 + Level 2.0 Conjurations
 + Level 3.3 Air Magic


You had 8 spell levels left.
You knew the following spells:

 Your Spells              Type           Power      Damage    Failure   Level
a - Shock                 Conj/Air       56%        1d6       4%          1

Your spell library contained the following spells:

 Spells                   Type           Power      Damage    Failure   Level
 Static Discharge         Conj/Air       28%        3-5/arc   7%          2
 Swiftness                Air            16%        N/A       11%         3
 Airstrike                Air            8%         2d(2-18)  34%         4
 Leda's Liquefaction      Hex/Erth       1%         N/A       80%         4
 Lee's Rapid Deconstruct  Erth           1%         3d4*      98%         5
 Bombard                  Conj/Erth      3%         9d1       100%        6


Dungeon Overview and Level Annotations

Branches:
Dungeon (5/15)
 Temple: D:4-7

Altars:

Annotations:
D:5 3 runed translucent doors, RandomusNamus's ghost, novice OpSh


Message History

As you open the door, it creaks loudly!
There is an open door here.
You open the door.
Found 5 stones.
There is an open door here.
You open the door.
There is an open door here.
Found a stone staircase leading down.
There is a stone staircase leading down here.
RandomusNamus's ghost turns its malevolent gaze towards you.
You hear a shout! x2
Found a ring mail.
The kobold brigand shouts!
The kobold shouts! x3; You hear a shout!
The kobold shouts!
You open the door.
A quokka comes into view.
The zap hits the quokka.
You kill the quokka!
An iguana comes into view.
The zap hits the iguana.
The iguana is moderately wounded.
The zap hits the iguana.
The iguana is heavily wounded.
The zap hits the iguana.
The iguana is severely wounded.
The iguana bites you!
Ouch! That really hurt!
You are too injured to fight recklessly!
You are too injured to fight recklessly!
Unknown command.
Casting: Shock (safe; 4% risk of failure)
Confirm with . or Enter, or press ? or * to list all spells.
Aiming: Shock (safe; 4% risk of failure)
Press: ? - help, Shift-Dir - straight line, f/p - iguana
Aim: an iguana (severely wounded, 75% to hit)
The zap hits the iguana.
The iguana is almost dead.
The iguana bites you!
Ouch! That really hurt!
You die...

#### ##### #..#####
......######.##.⌠.##
......l@.....#K#.#.##
....†.#####..+WK#...#
..... #..+KK...[# ####
##.+WK#..$ #.#K#K#.#
#.##K⌠.# #..#####
###################.##
.......>............#


You could see a kobold brigand, an iguana, RandomusNamus's ghost and a kobold.

Vanquished Creatures
  A white imp (D:5)
  2 dart slugs (D:1)
  6 ball pythons
  3 bats (D:1)
  3 endoplasms
  2 giant cockroaches
  3 goblins (D:1)
  A quokka (D:5)
  3 frilled lizards (D:1)
  6 kobolds
30 creatures vanquished.

Notes
Turn   | Place    | Note
-------+----------+-------------------------------------------
     0 | D:1      | DApurpleWHUMPUS the Deep Elf Air Elementalist began the
                  | quest for the Orb.
     0 | D:1      | Reached XP level 1. HP: 10/10 MP: 6/6
   194 | D:1      | Reached XP level 2. HP: 10/15 MP: 1/8
   991 | D:2      | Reached XP level 3. HP: 19/19 MP: 7/10
  1128 | D:2      | You fall into a shaft and drop 2 floors!
  1288 | D:4      | Noticed an ogre
  1314 | D:5      | Entered Level 5 of the Dungeon
  1487 | D:5      | Found a runed translucent gate.
  1487 | D:5      | Found a runed translucent gate.
  1487 | D:5      | Found a runed translucent gate.
  1487 | D:5      | Noticed RandomusNamus's ghost (novice OpSh)
  1488 | D:5      | Noticed a kobold brigand
  1507 | D:5      | Slain by an iguana

Illustrated notes

Levels and vault maps discovered:
D:1:      hellmonk_arrival_library, layout_basic
D:2:      layout_basic, hangedman_decor_riveting, uniq_robin
D:4:      layout_loops_corners, chequers_temple_overflow_statue_of_worship,
          gammafunk_ghost_grave
D:5:      layout_basic, gammafunk_ghost_nasty_kobolds

Skill      XL: |  1  2  3 |
---------------+----------+-----
Conjurations   | 2 |  2.0
Dodging        | |  2.9
Stealth        | |  2.5
Spellcasting   | |  3.9
Air Magic      | |  3.3

Action                     || total
---------------------------++-------
   Cast: Shock             ||    61
 Armour: Robe              ||     6
  Dodge: Dodged            ||     7

Table legend: (Time is in decaauts)
 A = Elapsed time spent in this place.
 B = Non-inter-level travel time spent in this place.
 C = Inter-level travel time spent in this place.
 D = Time resting spent in this place.
 E = Time spent auto-exploring this place.
 F = Levels seen in this place.
 G = Mean time per level.
                   A        B        C        D        E       F      G
               +--------+--------+--------+--------+--------+-----+--------+
         Total |   1506 |   1464 |     42 |     59 |   1177 |   4 |  376.5 |
       Dungeon |   1506 |   1464 |     42 |     59 |   1177 |   4 |  376.5 |
               +--------+--------+--------+--------+--------+-----+--------+

Top non-repeatable levels by time:
     D:1: 958 daAuts
     D:5: 192 daAuts
     D:4: 185 daAuts
     D:2: 169 daAuts
